 Dungeon Crawl Stone Soup version 0.26.0-10-g1f06aea511 (webtiles) character file.

Game seed: 8352266388691776620

59 funkygono the Firebug (level 4, -1/24 HPs)
             Began as a Gargoyle Fire Elementalist on Jan 29, 2021.
             Slain by Crazy Yiuf
             ... wielding a +4 quarterstaff of chaos
              (2 damage)
             ... on level 2 of the Dungeon.
             The game lasted 00:03:13 (1506 turns).

funkygono the Firebug (Gargoyle Fire Elementalist)  Turns: 1506, Time: 00:03:15

Health: -1/24      AC:  7    Str: 11    XL:     4   Next: 3%
Magic:  6/7        EV: 12    Int: 17    God:
Gold:   87         SH:  0    Dex: 10    Spells: 4/8 levels left

rFire    . . .     SeeInvis .   i - +0 club
rCold    . . .     Faith    .   (no shield)
rNeg     + . .     Spirit   .   a - +2 robe
rPois    ∞         Reflect  .   (no helmet)
rElec    +         Harm     .   (no cloak)
rCorr    .         Rampage  .   (no gloves)
Will     .....                  (no boots)
Stlth    ++........             (no amulet)
HPRegen  0.08/turn              g - ring of wizardry
MPRegen  0.10/turn              (no ring)

@: no status effects
A: negative energy resistance 1, electricity resistance, unbreathing,
petrification resistance, miasma immunity, AC +3
a: no special abilities


You were on level 2 of the Dungeon.
You visited 1 branch of the dungeon, and saw 2 of its levels.

You collected 87 gold pieces.

Inventory:

Hand Weapons
 i - a +0 club (weapon)
Missiles
 j - 50 stones
Armour
 a - a +2 robe (worn)
Jewellery
 g - a ring of wizardry (left hand)
Scrolls
 c - a scroll of enchant armour
 d - a scroll of teleportation
 e - a scroll of random uselessness {unknown}
 k - a scroll of fog {unknown}
 l - a scroll of identify
Potions
 b - a potion of berserk rage
 f - a potion of curing
 h - a potion of might {unknown}
 m - a potion of lignification {unknown}


   Skills:
 + Level 1.6 Dodging
 + Level 2.4 Stealth
 + Level 2.6 Spellcasting
 + Level 1.4 Conjurations
 + Level 4.1 Fire Magic


You had 4 spell levels left.
You knew the following spells:

 Your Spells              Type           Power        Failure   Level
a - Foxfire               Conj/Fire      44%          2%          1
b - Conjure Flame         Conj/Fire      11%          7%          3

Your spell library contained the following spells:

 Spells                   Type           Power        Failure   Level
 Inner Flame              Hex/Fire       9%           10%         3
 Sticky Flame             Conj/Fire      11%          22%         4
 Fireball                 Conj/Fire      5%           52%         5


Dungeon Overview and Level Annotations

Branches:
Dungeon (2/15)

Altars:

Annotations:
D:2 Crazy Yiuf


Innate Abilities, Weirdness & Mutations

You are resistant to torment.
Your stone body is resilient. (AC +3)
You are immune to poison.
You resist negative energy. (rN+)
You are resistant to electric shocks. (rElec)
You can survive without breathing.
You are immune to petrification.
You are immune to miasma.


Message History

You open the door.
Crazy Yiuf shouts!
There is an open translucent door here.
Crazy Yiuf hits you with a +4 quarterstaff of chaos.
Crazy Yiuf freezes you.
Casting: Foxfire (safe; 2% risk of failure)
Confirm with . or Enter, or press ? or * to list all spells.
You conjure some foxfire!
Unknown command.
You hit Crazy Yiuf.
Crazy Yiuf is lightly wounded.
The foxfire hits Crazy Yiuf.
Crazy Yiuf is moderately wounded.
The foxfire hits Crazy Yiuf but does no damage.
Crazy Yiuf is moderately wounded.
Crazy Yiuf hits you with a +4 quarterstaff of chaos.
Crazy Yiuf hits you with a +4 quarterstaff of chaos!
* * * LOW HITPOINT WARNING * * *
Crazy Yiuf burns you.
You die...

♣....♣
♣♣...♣
♣♣.♣♣
♣♣.♣
♣.♣♣
♣♣.♣
♣.♣♣
##'##
#.@.#
#.g.#
#)..#
#####


You could see Crazy Yiuf.

Vanquished Creatures
  2 adders (D:2)
  3 dart slugs
  2 leopard geckos
  A bat (D:2)
  3 giant cockroaches
  3 goblins (D:1)
  5 hobgoblins
  4 kobolds
  5 frilled lizards
  2 rats
30 creatures vanquished.

Vanquished Creatures (others)
  79 foxfires
79 creatures vanquished.

Grand Total: 109 creatures vanquished

Notes
Turn   | Place    | Note
-------+----------+-------------------------------------------
     0 | D:1      | funkygono the Gargoyle Fire Elementalist began the quest
                  | for the Orb.
     0 | D:1      | Reached XP level 1. HP: 10/10 MP: 3/3
   177 | D:1      | You fall into a shaft and drop 1 floor!
   205 | D:1      | Reached XP level 2. HP: 15/15 MP: 0/5
   674 | D:1      | Reached XP level 3. HP: 18/19 MP: 1/6
  1005 | D:1      | Learned a level 3 spell: Conjure Flame
  1347 | D:2      | Reached skill level 4 in Fire Magic
  1408 | D:2      | Reached XP level 4. HP: 24/24 MP: 3/7
  1498 | D:2      | Found a runed translucent door.
  1499 | D:2      | Noticed Crazy Yiuf
  1506 | D:2      | HP: 1/24 [Crazy Yiuf/+4 quarterstaff of chaos (11)]
  1506 | D:2      | Slain by Crazy Yiuf

Illustrated notes

Levels and vault maps discovered:
D:1:      lightli_iron_boxes, layout_loops_ring, minivault_25
D:2:      layout_basic, lemuel_doored_altar, minmay_hexomino_u4,
          uniq_crazy_yiuf_cottage

Skill      XL: |  1  2  3 |
---------------+----------+-----
Fire Magic     | 4 |  4.1
Dodging        | |  1.6
Stealth        | |  2.4
Spellcasting   | |  2.6
Conjurations   | |  1.4

Action                   |  1- 3 |  4- 6 || total
-------------------------+-------+-------++-------
Melee: Unarmed           |     3 |       ||     3
       Club              |     5 |     1 ||     6
 Cast: Foxfire           |    47 |     3 ||    50
  Use: Scroll            |     5 |       ||     5
Armor: Robe              |     8 |       ||     8
Dodge: Dodged            |    16 |       ||    16
